 Dungeon Crawl Stone Soup version 0.31-a0-1059-g83d41fd8b6 (webtiles) character file.

Game seed: 3362838630438399597

2 Malachi the Ruffian (level 1, -1/17 HPs)
             Began as a Djinni Shapeshifter on Nov 21, 2023.
             Slain by a hobgoblin (4 damage)
             ... on level 1 of the Dungeon.
             The game lasted 00:00:06 (27 turns).

Malachi the Ruffian (Djinni Shapeshifter)             Turns: 27, Time: 00:00:07

Health: -1/17      AC:  2    Str: 13    XL:     1   Next: 44%
Gold:   0          EV: 12    Int: 11    God:
                   SH:  0    Dex: 12

rFire   + +          .
                       - Unarmed
rCold   x . .        (no shield)
rNeg    . . .        a - +0 animal skin
rPois   ∞            (helmet currently unavailable)
rElec   .            (cloak currently unavailable)
rCorr   .            (gloves currently unavailable)
SInv    .            (boots unavailable)
Will    .....        (no amulet)
Stlth   +            (no ring)
HPRegen 0.22/turn    (no ring)
MPRegen 0.00/turn

%: infuse magic (-2 HP)
@: beast-form, flying
A: beast (slay +1), flying, sickness immunity, fire resistance 2, cold
vulnerability 1, float, innate caster, HP casting, extra vitality 1
a: Begin Untransformation


You were on level 1 of the Dungeon.
You were a hulking beast.
You visited 1 branch of the dungeon, and saw 1 of its levels.

Inventory:

Armour
 a - a +0 animal skin (worn)
Talismans
 c - a beast talisman
 d - a flux talisman
Potions
 b - a potion of lignification


   Skills:
 + Level 1.1 Fighting
 + Level 2.2 Dodging
 + Level 3.0 Unarmed Combat
 + Level 2.7 Shapeshifting You didn't know any spells. Your spell library was empty.

Dungeon Overview and Level Annotations

Branches:
Dungeon (1/15)

Altars:


Innate Abilities, Weirdness & Mutations

You are a hulking beast.
Your limbs bulge with bestial killing power. (Slay +1)
You are flying.
You are immune to sickness and miasma.
You are immune to poison.
Your flesh is very heat resistant. (rF++)
You are vulnerable to cold. (rC-)
You float through the air rather than walking.
You learn spells naturally, not from books.
Your magical power is your life essence.
You have superior vitality. (+4 MHP)


Message History

A bat is nearby!
A bat is nearby!
A bat is nearby!
Found a robe and a wooden ring.
You hit the bat.
You kill the bat!
A goblin comes into view. It is wielding a +0 dagger.
The giant cockroach barely misses you. The giant cockroach closely misses you.
You punch the giant cockroach!
You kill the giant cockroach!
The goblin shouts!
A hobgoblin comes into view.
The hobgoblin shouts!
The goblin barely misses you.
You barely miss the goblin.
A hobgoblin comes into view.
The goblin hits you with a +0 dagger.
You barely miss the hobgoblin.
The hobgoblin shouts!
The goblin hits you with a +0 dagger. The hobgoblin hits you.
You hit the hobgoblin.
The hobgoblin is severely wounded.
The goblin misses you. The hobgoblin barely misses you.
You barely miss the hobgoblin.
The hobgoblin is heavily wounded.
The goblin hits you but does no damage. The hobgoblin barely misses you.
You hit the hobgoblin but do no damage.
The hobgoblin is heavily wounded.
The hobgoblin barely misses you. The goblin hits you with a +0 dagger.
You hit the hobgoblin.
The hobgoblin is heavily wounded.
The goblin hits you with a +0 dagger. The hobgoblin hits you.
* * * LOW HITPOINT WARNING * * *
You are too injured to fight recklessly!
You are too injured to fight recklessly!
The goblin attacks as it pursues you! The goblin hits you with a +0 dagger.
* * * LOW HITPOINT WARNING * * *
The hobgoblin attacks as it pursues you!
The hobgoblin hits you.
You die...

#### #### ... ..##### ....
.####.######$..... ....
...≈≈≈.≈≈≈≈≈≈## .....
##≈≈≈≈≈.≈≈≈≈≈≈## #.....
#≈≈≈≈≈≈.≈≈≈≈≈≈≈#####......
≈≈≈8≈≈.≈≈≈≈≈8≈≈≈hg........
≈≈≈≈≈.≈≈≈≈≈≈≈≈≈≈...g[....#
≈≈≈≈≈.≈≈≈~~~≈≈≈≈..g......#
≈≈≈≈≈.≈≈~≈≈≈~≈≈~.........#
≈≈≈≈≈≈..>≈≈≈≈~~≈.........#
≈~~≈≈≈≈<..≈≈≈≈≈≈....=....#
~≈≈~≈≈≈~≈≈.≈≈≈≈≈.........#
≈≈≈≈~~~≈≈≈.≈≈≈≈≈..#.......
≈≈≈≈≈≈≈≈≈≈.≈≈≈≈≈.###.#####


You could see 2 hobgoblins and a goblin.

Vanquished Creatures
  A bat (D:1)
  A giant cockroach (D:1)
2 creatures vanquished.

Notes
Turn   | Place    | Note
-------+----------+-------------------------------------------
     0 | D:1      | Malachi the Djinni Shapeshifter began the quest for the
                  | Orb.
     0 | D:1      | Reached XP level 1. HP: 17/17 MP: 0/0
    27 | D:1      | Slain by a hobgoblin

Illustrated notes

Levels and vault maps discovered:
D:1:      nzn_arrival_water_spiral, layout_rooms, ebering_ecumenical_altar_webs

Action                     || total
---------------------------++-------
  Melee: Unarmed           ||     8
 Armour: Animal skin       ||     9
  Dodge: Dodged            ||     7

Table legend: (Time is in decaauts)
 A = Elapsed time spent in this place.
 B = Non-inter-level travel time spent in this place.
 C = Inter-level travel time spent in this place.
 D = Time resting spent in this place.
 E = Time spent auto-exploring this place.
 F = Levels seen in this place.
 G = Mean time per level.
                   A        B        C        D        E       F      G
               +--------+--------+--------+--------+--------+-----+--------+
         Total |     27 |     27 |      0 |      0 |      9 |   1 |   27.0 |
       Dungeon |     27 |     27 |      0 |      0 |      9 |   1 |   27.0 |
               +--------+--------+--------+--------+--------+-----+--------+

Top non-repeatable levels by time:
     D:1: 27 daAuts
